 Dungeon Crawl Stone Soup version 0.30-a0-840-ga523dec638 (webtiles) character file.

Game seed: 10814078629478915528

66605 Dittersdorf the Blocker (level 15, -30/101 HPs)
             Began as a Gargoyle Fighter on Mar 1, 2023.
             Was the Champion of Okawaru.
             Annihilated by a titanic slime creature (70 damage)
             ... on level 12 of the Dungeon.
             The game lasted 00:33:13 (16232 turns).

Dittersdorf the Blocker (Gargoyle Fighter)         Turns: 16232, Time: 00:33:13

Health: -30/101    AC: 44    Str: 29    XL:     15   Next: 20%
Magic:  15/15      EV:  4    Int:  9    God:    Okawaru [******]
Gold:   2112       SH: 19    Dex: 17    Spells: 14/14 levels left

rFire   + . .      SeeInvis .    v - +7 morningstar of the Whale {heavy, rElec rF+ Str+2 Dex+4}
rCold   + . .      Faith    .    p - +0 tower shield "Riohaakh" {rC+ Regen+ Dex+4 Stlth+}
rNeg    + + +      Spirit   .    D - +0 crystal plate armour
rPois   ∞          Reflect  .    f - +0 helmet
rElec   +          Harm     .    L - +0 cloak
rCorr   .          Rampage  .    g - +2 pair of gloves
Will    +++++      Clarity  +    H - +1 pair of boots of Okawaru's Hatred {Will+} Stlth
                                 J - amulet of the Four Winds {rN+ Will+++ Clar}
HPRegen 1.16/turn                a - ring of willpower
MPRegen 0.14/turn                t - ring of positive energy

@: flying
A: sickness immunity, AC +11, big wings, negative energy resistance 1,
electricity resistance, torment resistance 1, petrification resistance
a: Renounce Religion, Heroism, Finesse, Duel


You were on level 12 of the Dungeon.
You worshipped Okawaru.
Okawaru was exalted by your worship.
You visited 4 branches of the dungeon, and saw 20 of its levels.
You also visited: Gauntlet, Ice Cave and Volcano.

You collected 2260 gold pieces.
You spent 148 gold pieces at shops.

Inventory:

Hand Weapons
 v - the +7 morningstar of the Whale (weapon) {heavy, rElec rF+ Str+2 Dex+4}
   (Okawaru gifted it to you on level 5 of the Lair of Beasts)

   Str:       It affects your strength (+2).
   Dex:       It affects your dexterity (+4).
   rF:        It protects you from fire.
   rElec:     It insulates you from electricity.
 M - a +5 heavy eveningstar
Missiles
 s - a throwing net (quivered)
Armour
 f - a +0 helmet (worn)
 g - a +2 pair of gloves (worn)
 p - the +0 tower shield "Riohaakh" (worn) {rC+ Regen+ Dex+4 Stlth+}
   (Okawaru gifted it to you on level 11 of the Dungeon)

   Dex:       It affects your dexterity (+4).
   rC:        It protects you from cold.
   Regen:     It increases your rate of health regeneration.
   Stlth:     It makes you more stealthy.
 y - +0 fire dragon scales
 D - a +0 crystal plate armour (worn)
 H - the +1 pair of boots of Okawaru's Hatred (worn) {Will+}
   (Okawaru gifted it to you on level 10 of the Dungeon)

   Will:      It increases your willpower.
 L - a +0 cloak (worn)
Jewellery
 a - a ring of willpower (left hand)
 c - the amulet of Vitality {RegenMP++ Regen++}
   (You found it on level 5 of the Lair of Beasts)

   [amulet of magic regeneration]

   It increases your rate of magic regeneration.
   Regen:     It increases your rate of health regeneration.
 r - a ring of ice
 t - a ring of positive energy (right hand)
 J - the amulet of the Four Winds (around neck) {rN+ Will+++ Clar}
   (You found it in a Gauntlet)

   [amulet of nothing]

   rN:        It protects you from negative energy.
   Clar:      It protects you against confusion.
   Will:      It greatly increases your willpower.
Wands
 w - a wand of flame (25)
 F - a wand of iceblast (11)
 G - a wand of light (8)
Scrolls
 e - 4 scrolls of teleportation
 j - 3 scrolls of poison
 k - a scroll of blinking
 n - 4 scrolls of enchant armour
 q - 2 scrolls of silence
 x - 4 scrolls of fear
 E - 10 scrolls of identify
 K - a scroll of magic mapping
Potions
 b - 5 potions of haste
 d - 8 potions of might
 h - 4 potions of magic
 i - 8 potions of brilliance
 l - 19 potions of curing
 m - 2 potions of resistance
 o - 5 potions of heal wounds
 u - 3 potions of berserk rage
 z - 3 potions of invisibility
 B - 5 potions of mutation
 C - 3 potions of ambrosia
 I - a potion of cancellation


   Skills:
 + Level 14.9 Fighting
 + Level 13.6 Maces & Flails
 + Level 14.9 Armour
 + Level 14.9 Shields


You had 14 spell levels left.
You didn't know any spells.
Your spell library contained the following spells:

 Spells                   Type           Power      Damage    Failure   Level
 Apportation              Tloc           0%         N/A       100%        1
 Kiss of Death            Conj/Necr      0%         2d5       100%        1
 Magic Dart               Conj           0%         1d3       100%        1
 Ensorcelled Hibernation  Hex/Ice        0%         N/A       100%        2
 Passwall                 Tmut/Erth      0%         N/A       100%        2
 Searing Ray              Conj           0%         2d4       100%        2
 Confusing Touch          Hex            0%         N/A       100%        3
 Dazzling Flash           Conj/Hex       0%         N/A       100%        3
 Ignite Poison            Fire/Tmut/Pois 0%         N/A       100%        3
 Inner Flame              Hex/Fire       0%         N/A       100%        3
 Spider Form              Tmut/Pois      0%         N/A       100%        3
 Swiftness                Air            0%         N/A       100%        3
 Anguish                  Hex/Necr       0%         N/A       100%        4
 Cause Fear               Hex            0%         N/A       100%        4
 Dispel Undead            Necr           0%         3d6       100%        4
 Fulminant Prism          Conj/Hex       0%         3d5       100%        4
 Olgreb's Toxic Radiance  Pois           0%         N/A       100%        4
 Sticky Flame             Conj/Fire      0%         2d3       100%        4
 Agony                    Necr           0%         N/A       100%        5
 Freezing Cloud           Conj/Ice/Air   0%         6-21      100%        5
 Silence                  Hex/Air        0%         N/A       100%        5
 Ozocubu's Refrigeration  Ice            0%         4d7       100%        7
 Discord                  Hex            0%         N/A       100%        8
 Ignition                 Fire           0%         3d3       100%        8
 Fire Storm               Conj/Fire      0%         5d1       100%        9
 Polar Vortex             Ice            0%         N/A       100%        9
 Simulacrum               Ice/Necr       Unusable   N/A       N/A         6

Dungeon Overview and Level Annotations

Branches:
Dungeon (12/15)            Temple (1/1) D:5            Lair (5/5) D:11
 Shoals (0/4) Lair:3        Snake (0/4) Lair:3        Slime (0/5) Lair:4
    Orc (2/2) D:10            Elf (0/3) Orc:2         IceCv (visited)
Volcano (visited)         Gauntlet (visited)

Altars:
Ashenzari
Cheibriados
Dithmenos
Fedhas
Gozag
Hepliaklqana
Kikubaaqudgha
Makhleb
Okawaru
Qazlal
Sif Muna
Trog
Uskayaw
Vehumet
Wu Jian
Yredelemnul
Zin
The Shining One
Jiyva

Shops:
D:3 (   D:8 =   D:10 (   Orc:2 :[?[


Innate Abilities, Weirdness & Mutations

You are immune to sickness and miasma.
Your stone body is resilient. (AC +11)
You are immune to poison.
Your large and strong wings let you fly.
You resist negative energy. (rN+)
You are resistant to electric shocks. (rElec)
You are resistant to unholy torment.
You are immune to petrification.


Message History

The large slime creature is severely wounded.
You block the slime creature's attack.
Two slime creatures merge to form a very large slime creature.
You block the slime creature's attack.
Two slime creatures merge to form an enormous slime creature.
You spit the enormous slime creature like a pig!!!
The enormous slime creature is heavily wounded.
You hear a horrible gurgling sound!
Two slime creatures merge to form a titanic slime creature.
You block the slime creature's attack.
A manticore comes into view.
You bludgeon the titanic slime creature!!
The titanic slime creature is heavily wounded.
You block the slime creature's attack.
The slime creature hits you but does no damage.
The titanic slime creature hits you but does no damage.
You impale the titanic slime creature!!
The titanic slime creature is severely wounded.
The titanic slime creature hits you!!
The slime creature hits you but does no damage.
You beat the titanic slime creature like a drum!!!
The titanic slime creature is severely wounded.
You block the slime creature's attack.
You block the titanic slime creature's attack.
You hit the titanic slime creature.
The titanic slime creature is severely wounded.
The slime creature hits you. The titanic slime creature hits you!!
You block the titanic slime creature's attack.
You block the slime creature's attack.
You are too injured to fight recklessly!
You are too injured to fight recklessly!
You are too injured to fight recklessly!
You are too injured to fight recklessly!
You are too injured to fight recklessly!
You are too injured to fight recklessly!
You are too injured to fight recklessly!
The titanic slime creature attacks as you move away!
The titanic slime creature hits you!!!
Ouch! That really hurt!
You die...

#####+#
.......
.......
....$..
....... ###
......H #.#
......J###.#
...(.HJ@...#
##########.#
#.....<#
#.####.# #.#
#.# #.# #.#
#.#


You could see a titanic slime creature, a slime creature and 2 manticores.

Vanquished Creatures
  A dire elephant (Gauntlet)
  A minotaur (Gauntlet)
  A fire dragon (Lair:5)
  Fannar (Lair:3)
  3 hydras
  A centaur warrior (Volcano)
  Erolcha (D:10)
  3 ogre magi (Orc:2)
  3 catoblepae
  3 boulder beetles
  5 two-headed ogres
  3 skysharks
  Urug (Orc:1)
  Nergalle (Orc:2)
  A hell knight (Volcano)
  A lindwurm (Lair:5)
  2 ugly things (IceCv)
  8 orc sorcerers
  A cyclops (D:11)
  2 elephants (Gauntlet)
  A black mamba (Lair:5)
  5 torpor snails (Lair:5)
  3 ice statues (IceCv)
  19 cane toads
  2 unseen horrors (D:11)
  2 yaktaurs (Volcano)
  5 rime drakes
  5 komodo dragons
  An anaconda simulacrum (IceCv)
  2 ice devils (Lair:2)
  2 trolls
  10 polar bears
  7 hornets
  Grinder (D:6)
  4 tyrant leeches (Lair:5)
  9 blink frogs
  3 raiju
  14 dream sheep
  4 shadows (Gauntlet)
  28 yaks
  A dire elephant simulacrum (IceCv)
  4 wyverns
  2 vampires
  4 basilisks
  3 steam dragons
  2 vampire mosquitoes (D:11)
  6 nagas (Lair:3)
  8 wargs
  20 water moccasins
  15 hell hounds (Lair:5)
  17 orc warriors
  3 sky beasts
  15 black bears
  22 wolves
  7 ogres
  6 centaurs
  2 phantoms (D:5)
  A kobold brigand (D:11)
  2 scorpions
  8 bullfrogs
  A cane toad simulacrum (IceCv)
  18 killer bees
  8 howler monkeys
  A crimson imp (D:5)
  4 hounds
  2 jellies (D:4)
  12 orc priests
  2 gnoll boudas
  4 iguanas
  39 orc wizards
  3 polar bear simulacra (IceCv)
  2 wolf simulacra (IceCv)
  2 adders
  7 gnolls
  A white imp (D:5)
  An ufetubus (D:5)
  2 dart slugs
  80 orcs
  7 endoplasms
  2 giant cockroaches
  8 hobgoblins
  2 jackals (D:5)
  10 ball pythons
  3 bats (D:1)
  5 frilled lizards
  5 goblins
  10 kobolds
  4 rats (D:1)
  A spectral hobgoblin (D:8)
  A bush (Lair:5)
565 creatures vanquished.

Vanquished Creatures (others)
  An orc wizard (D:8)
  An orc (D:8)
  A demonic plant (Gauntlet)
  68 fungi
  75 plants
  14 withered plants (Gauntlet)
160 creatures vanquished.

Grand Total: 725 creatures vanquished

Notes
Turn   | Place    | Note
-------+----------+-------------------------------------------
     0 | D:1      | Dittersdorf the Gargoyle Fighter began the quest for the
                  | Orb.
     0 | D:1      | Reached XP level 1. HP: 14/14 MP: 1/1
    85 | D:1      | Reached XP level 2. HP: 19/19 MP: 2/2
   488 | D:2      | Found a faded altar of an unknown god.
   491 | D:2      | Reached XP level 3. HP: 24/24 MP: 3/3
   868 | D:3      | Found Guehatru's Weapon Boutique.
   997 | D:3      | Found an ancient bone altar of Kikubaaqudgha.
  1038 | D:3      | Reached XP level 4. HP: 20/29 MP: 4/4
  1386 | D:4      | Reached XP level 5. HP: 33/33 MP: 5/5
  1674 | D:4      | Reached XP level 6. HP: 39/39 MP: 6/6
  1713 | D:4      | Found a radiant altar of Vehumet.
  2140 | D:5      | Entered Level 5 of the Dungeon
  2269 | D:5      | Reached skill level 5 in Fighting
  2269 | D:5      | Reached skill level 5 in Armour
  2269 | D:5      | Reached skill level 5 in Shields
  2269 | D:5      | Reached XP level 7. HP: 44/44 MP: 7/7
  2370 | D:5      | Found a staircase to the Ecumenical Temple.
  2376 | Temple   | Entered the Ecumenical Temple
  2443 | Temple   | Became a worshipper of Warmaster Okawaru
  2539 | D:5      | Found a stormy altar of Qazlal.
  2539 | D:5      | Found a shadowy altar of Dithmenos.
  2953 | D:5      | Reached XP level 8. HP: 51/51 MP: 8/8
  3122 | D:6      | Noticed Grinder
  3127 | D:6      | Killed Grinder
  3127 | D:6      | Reached * piety under Okawaru
  3128 | D:6      | Reached skill level 5 in Maces & Flails
  3414 | D:6      | Found a bloodstained altar of Trog.
  3842 | D:7      | Reached ** piety under Okawaru
  3866 | D:7      | Reached XP level 9. HP: 46/56 MP: 9/9
  4102 | D:7      | Found a blossoming altar of Fedhas.
  4144 | D:7      | Identified the +1 leather armour of Deyheef {*Slow rElec
                  | Will+ Int+5}
  4419 | D:8      | Reached *** piety under Okawaru
  4528 | D:8      | Found Afeicigh's Jewellery Emporium.
  4608 | D:8      | Found a glowing golden altar of the Shining One.
  4959 | D:8      | Found a hazy altar of Hepliaklqana.
  5315 | D:9      | Noticed a troll
  5328 | D:8      | Killed a troll
  5328 | D:8      | Reached **** piety under Okawaru
  5329 | D:8      | Reached XP level 10. HP: 29/64 MP: 10/10
  5498 | D:9      | Noticed a two-headed ogre
  5505 | D:9      | Killed a two-headed ogre
  5840 | D:9      | Found a basalt altar of Yredelemnul.
  5910 | D:10     | Entered Level 10 of the Dungeon
  6019 | D:10     | Found a staircase to the Orcish Mines.
  6040 | D:10     | Reached ***** piety under Okawaru
  6043 | D:10     | Identified the +1 pair of boots of Okawaru's Hatred {Will+}
                  | (Okawaru gifted it to you on level 10 of the Dungeon)
  6043 | D:10     | Received a gift from Okawaru
  6149 | D:10     | Found a burning altar of Makhleb.
  6453 | D:10     | Noticed a two-headed ogre
  6458 | D:10     | Reached XP level 11. HP: 63/71 MP: 11/11
  6458 | D:10     | Noticed a two-headed ogre
  6476 | D:10     | Killed a two-headed ogre
  6481 | D:10     | Killed a two-headed ogre
  6482 | D:10     | Reached skill level 10 in Fighting
  6482 | D:10     | Reached skill level 10 in Armour
  6482 | D:10     | Reached skill level 10 in Shields
  6524 | D:10     | Found Wiuvum's Weapon Emporium.
  6744 | Orc:1    | Entered Level 1 of the Orcish Mines
  6827 | Orc:1    | Noticed Erolcha
  6872 | D:10     | Killed Erolcha
  6973 | Orc:1    | Noticed Urug
  6985 | Orc:1    | Killed Urug
  7193 | Orc:2    | Entered Level 2 of the Orcish Mines
  7193 | Orc:2    | Noticed an orc sorcerer
  7200 | Orc:1    | Killed an orc sorcerer
  7682 | Orc:2    | Found a burning altar of Makhleb.
  7745 | Orc:2    | Found an iron altar of Okawaru.
  7904 | Orc:2    | Noticed an orc sorcerer
  7927 | Orc:2    | Killed an orc sorcerer
  7956 | Orc:2    | Found a staircase to the Elven Halls.
  8122 | Orc:2    | Noticed an orc sorcerer
  8127 | Orc:2    | Noticed a sixfirhy
  8131 | Orc:2    | Killed an orc sorcerer
  8133 | Orc:2    | Noticed an orc sorcerer
  8185 | Orc:1    | Noticed a soul eater
  8185 | Orc:1    | Killed an orc sorcerer
  8186 | Orc:1    | Reached XP level 12. HP: 71/79 MP: 12/12
  8265 | Orc:2    | Reached skill level 10 in Maces & Flails
  8709 | Orc:2    | Found an ancient bone altar of Kikubaaqudgha.
  8709 | Orc:2    | Noticed Nergalle
  8726 | Orc:2    | Killed Nergalle
  8738 | Orc:2    | Noticed an ogre mage
  8753 | Orc:2    | Killed an ogre mage
  8775 | Orc:2    | Found Saingeef's Antique Armour Boutique.
  8782 | Orc:2    | Noticed an ogre mage
  8787 | Orc:2    | Received a gift from Okawaru
  8794 | Orc:2    | Killed an ogre mage
  8808 | Orc:2    | Found a radiant altar of Vehumet.
  8842 | Orc:2    | Found Kak Lee's Antique Armour Shop.
  8850 | Orc:2    | Bought a kite shield for 148 gold pieces
  8897 | Orc:2    | Found Wamp's Magic Scroll Boutique.
  8916 | Orc:2    | Noticed an ogre mage
  8974 | Orc:2    | Found Kaseof's Book Shop.
  9009 | Orc:2    | Killed an ogre mage
  9881 | D:11     | Identified the +0 tower shield "Riohaakh" {rC+ Regen+ Dex+4
                  | Stlth+} (Okawaru gifted it to you on level 11 of the
                  | Dungeon)
  9881 | D:11     | Received a gift from Okawaru
  9950 | D:11     | Noticed a two-headed ogre
  9963 | D:11     | Killed a two-headed ogre
  9967 | D:11     | Found a staircase to the Lair.
 10005 | D:11     | Noticed a two-headed ogre
 10011 | D:11     | Killed a two-headed ogre
 10040 | D:11     | Noticed a boulder beetle
 10055 | D:11     | Killed a boulder beetle
 10382 | Lair:1   | Entered Level 1 of the Lair of Beasts
 10382 | Lair:1   | Found an ornate altar of the Wu Jian Council.
 10656 | Lair:1   | Reached XP level 13. HP: 86/86 MP: 13/13
 11381 | Lair:2   | Reached ****** piety under Okawaru
 11465 | Lair:2   | Found a frozen archway.
 11481 | IceCv    | Entered an ice cave
 11519 | IceCv    | Received a gift from Okawaru
 11703 | Lair:2   | Found a dark tunnel.
 11710 | Volcano  | Entered a volcano
 11745 | Volcano  | Found a radiant altar of Vehumet.
 12675 | Lair:3   | Found a staircase to the Shoals.
 12678 | Lair:3   | Noticed Fannar
 12695 | Lair:3   | Killed Fannar
 12730 | Lair:3   | Received a gift from Okawaru
 13095 | Lair:3   | Found a staircase to the Snake Pit.
 13568 | Lair:4   | Found a viscous altar of Jiyva.
 13568 | Lair:4   | Found a staircase to the Slime Pits.
 13620 | Lair:4   | Gained mutation: Your large and strong wings let you fly.
                  | [Gargoyle growth]
 13620 | Lair:4   | Reached XP level 14. HP: 92/94 MP: 14/14
 14134 | Lair:5   | Entered Level 5 of the Lair of Beasts
 14224 | Lair:5   | Identified the +0 pair of boots "Tuthreth" {rF- Str-3
                  | Dex+7} (Okawaru gifted it to you on level 5 of the Lair of
                  | Beasts)
 14224 | Lair:5   | Received a gift from Okawaru
 14371 | Lair:5   | Found a gate leading to a gauntlet.
 14381 | Gauntlet | Entered a Gauntlet
 14381 | Gauntlet | Found a transporter.
 14393 | Gauntlet | Found a transporter.
 14407 | Gauntlet | Found a transporter.
 14412 | Gauntlet | Found a transporter.
 14425 | Gauntlet | Noticed a dire elephant
 14431 | Gauntlet | Found the amulet of the Four Winds {rN+ Will+++ Clar}
 14433 | Gauntlet | Found a transporter.
 14446 | Gauntlet | Found a transporter.
 14458 | Gauntlet | Found a transporter.
 14470 | Gauntlet | Found a transporter.
 14489 | Gauntlet | Found a transporter.
 14501 | Gauntlet | Found a transporter.
 14518 | Gauntlet | Found a transporter.
 14535 | Gauntlet | Found a transporter.
 14537 | Gauntlet | Found a transporter.
 14659 | Gauntlet | Found a transporter.
 14770 | Gauntlet | Found a transporter.
 14776 | Gauntlet | Found a transporter.
 14788 | Gauntlet | Found a transporter.
 14855 | Gauntlet | Killed a dire elephant
 14970 | Lair:5   | Found a runed translucent door.
 15565 | Lair:5   | Identified the +7 morningstar of the Whale {heavy, rElec
                  | rF+ Str+2 Dex+4} (Okawaru gifted it to you on level 5 of
                  | the Lair of Beasts)
 15565 | Lair:5   | Received a gift from Okawaru
 15599 | Lair:5   | Reached XP level 15. HP: 101/101 MP: 15/15
 15800 | Lair:5   | Identified the +1 cloak of Dust Devil {*Slow rElec rF+}
 15931 | Lair:5   | Got Sif Muna's Grimoire of Dislocation and the Volcano
 15943 | Lair:5   | Found the amulet of Vitality {RegenMP++ Regen++}
 16232 | D:12     | Annihilated by a titanic slime creature

Illustrated notes

Levels and vault maps discovered:
D:1:      heliophobic_arrival_battle_scene, layout_rooms, supply_closet_lemuel
D:2:      layout_rooms, ebering_ecumenical_altar_rust, patterned_corridor
D:3:      layout_rooms, mainiacjoe_overflow_catwalk, serial_shops, shop
D:4:      minmay_chambers_of_twos, layout_loops_ring, vehumet_altar_wand_db,
          minmay_increasing_density
D:5:      layout_loops_ring, mainiacjoe_overflow_divided_tiny,
          minmay_temple_entry_enclosed_plants, minmay_fire_ice_demons
D:6:      layout_cave_pools, kennysheep_mini_moat, uniq_grinder
D:7:      layout_loops_ring, kennysheep_little_box
D:8:      layout_loops_ring, general_overflow_altar,
          nicolae_hepliaklqana_monster_ancestors, serial_shops, shop_statue
D:9:      layout_rooms, lemuel_doored_altar
D:10:     layout_irregular_city, mainiacjoe_overflow_concentric_impassable,
          david_orc_1_choice, serial_shops, shop, serial_column_ruins,
          column_ruins_square_medium, column_ruins_hut_pillars,
          column_ruins_open_medium, column_ruins_grid_1,
          column_ruins_corridor_straight, column_ruins_grid_3
D:11:     layout_basic, due_lair_maze_entry_diamond
D:12:     layout_basic
Temple:   hellmonk_temple_flake
Lair:1:   layout_layer_cave, basic_altar, lemuel_fruit_tree
Lair:2:   layout_regular_city, nicolae_volcano_entry_hallway,
          portal_ice_cave_demonic_guard, beast_lair_carwin_3
Lair:3:   layout_hall_layers, elwin_shoals_entry_rocks,
          minmay_snake_entry_guardpost_medium, beast_lair_carwin_1, uniq_fannar
Lair:4:   layout_misc_corridors, slime_entry_1
Lair:5:   wormcave, layout_regular_city, hangedman_lair_caniforms_friends,
          gauntlet_entry_generic
Orc:1:    layout_caves, uniq_erolcha, uniq_urug
Orc:2:    kennysheep_orc_mage_school, layout_diamond_mine, basic_altar,
          okawaru_metal_pillars_3

Skill      XL: |  1  2  3  4  5  6  7  8  9 10 11 12 13 14 |
---------------+-------------------------------------------+-----
Fighting       | 4 5 6 8 9 10 12 13 14 | 14.9
Armour         | 4 5 6 8 9 10 12 13 14 | 14.9
Shields        | 4 5 6 8 9 10 12 13 14 | 14.9
Maces & Flails | 3 4 5 7 8 9 11 12 13 | 13.6

Action                     |  1- 3 |  4- 6 |  7- 9 | 10-12 | 13-15 || total
---------------------------+-------+-------+-------+-------+-------++-------
  Melee: Flail             |   129 |   142 |   293 |   532 |       ||  1096
         Eveningstar       |       |       |       |   189 |   498 ||   687
         Morningstar       |       |       |       |       |   141 ||   141
 Invoke: Heroism           |       |       |       |     6 |     4 ||    10
    Use: Scroll            |       |     4 |     6 |    16 |     4 ||    30
   Stab: Petrified         |       |       |       |       |     7 ||     7
 Armour: Scale mail        |   102 |    95 |   118 |       |       ||   315
         Chain mail        |       |       |    39 |       |       ||    39
         Plate armour      |       |       |   126 |   703 |       ||   829
         Crystal plate arm |       |       |       |   204 |   918 ||  1122
  Dodge: Dodged            |    72 |    74 |   117 |   292 |   138 ||   693
  Block: Buckler           |    25 |    28 |    74 |   261 |       ||   388
         Kite shield       |       |       |       |    80 |       ||    80
         Tower shield      |       |       |       |    64 |   955 ||  1019

Table legend: (Time is in decaauts)
 A = Elapsed time spent in this place.
 B = Non-inter-level travel time spent in this place.
 C = Inter-level travel time spent in this place.
 D = Time resting spent in this place.
 E = Time spent auto-exploring this place.
 F = Levels seen in this place.
 G = Mean time per level.
                   A        B        C        D        E       F      G
               +--------+--------+--------+--------+--------+-----+--------+
         Total |  17084 |  16020 |   1064 |   1307 |   9249 |  23 |  742.8 |
       Dungeon |   8458 |   7789 |    669 |    234 |   5086 |  12 |  704.8 |
        Temple |     78 |     61 |     17 |      0 |     52 |   1 |   78.0 |
          Lair |   5253 |   4964 |    289 |    138 |   3316 |   5 | 1050.6 |
  Orcish Mines |   2369 |   2281 |     88 |    872 |    489 |   2 | 1184.5 |
      Ice Cave |    186 |    186 |      0 |      7 |      0 |   1 |  186.0 |
       Volcano |    195 |    195 |      0 |     56 |     15 |   1 |  195.0 |
      Gauntlet |    542 |    542 |      0 |      0 |    291 |   1 |  542.0 |
               +--------+--------+--------+--------+--------+-----+--------+

Top non-repeatable levels by time:
   Orc:2: 1862 daAuts
  Lair:5: 1677 daAuts
    D:10: 1202 daAuts
    D:11: 1103 daAuts
  Lair:1: 1098 daAuts
     D:8: 1004 daAuts
  Lair:3: 946 daAuts
     D:4: 944 daAuts
  Lair:2: 928 daAuts
     D:5: 880 daAuts
     D:7: 803 daAuts
     D:9: 611 daAuts
  Lair:4: 602 daAuts
Gauntlet: 542 daAuts
     D:3: 540 daAuts
